 Dungeon Crawl Stone Soup version 0.21.1-1-g345015f (webtiles) character file.

40 letownia2 the Firebug (level 3, 0/19 HPs)
             Began as a Tengu Fire Elementalist on Mar 5, 2018.
             Blown up by Ijyb (16 damage)
             ... with a wand of disintegration (15)
             ... on level 3 of the Dungeon.
             The game lasted 00:01:55 (383 turns).

letownia2 the Firebug (Tengu Fire Elementalist)      Turns: 383, Time: 00:01:55

Health: 0/19       AC:  3    Str:  8    XL:     3   Next: 50%
Magic:  6/7        EV: 12    Int: 16    God:
Gold:   106        SH:  0    Dex: 14    Spells: 2/6 levels left

rFire    . . .     SeeInvis .   f - +0 short sword
rCold    . . .     Gourm    .   (no shield)
rNeg     . . .     Faith    .   k - +0 leather armour
rPois    .         Spirit   .   (helmet restricted)
rElec    .         Reflect  .   (no cloak)
rCorr    .         Harm     .   (no gloves)
MR       .....                  (boots unavailable)
Stlth    ++........             (no amulet)
HPRegen  0.06/turn              (no ring)
MPRegen  0.10/turn              (no ring)

@: very slightly contaminated
A: beak, talons 3
a: no special abilities


You were on level 3 of the Dungeon.
You were not hungry.

You visited 1 branch of the dungeon, and saw 3 of its levels.

You collected 106 gold pieces.

Inventory:

Hand Weapons
 f - a +0 short sword (weapon)
Armour
 a - a +0 robe
 k - a +0 leather armour (worn)
Scrolls
 d - 2 scrolls of noise {unknown}
 g - 2 scrolls of remove curse {unknown}
 h - a scroll of identify {unknown}
 j - 2 scrolls of magic mapping {unknown}
Potions
 e - 2 potions of brilliance {unknown}
 i - 2 potions of curing {unknown}
Books
 b - a book of Flames

   Spells                             Type                      Level
   a - Flame Tongue                   Conjuration/Fire             1
   b - Throw Flame                    Conjuration/Fire             2
   c - Conjure Flame                  Conjuration/Fire             3
   d - Inner Flame                    Hexes/Fire                   3
   e - Sticky Flame                   Conjuration/Fire             4
   f - Fireball                       Conjuration/Fire             5
Comestibles
 c - a ration


   Skills:
 - Level 2.4 Dodging
 - Level 2.2 Stealth
 - Level 2.4 Spellcasting
 + Level 1.3 Conjurations
 - Level 4.2 Fire Magic


You had 2 spell levels left.
You knew the following spells:

 Your Spells              Type           Power        Failure   Level  Hunger
a - Flame Tongue          Conj/Fire      ##...        9%          1    #......
c - Conjure Flame         Conj/Fire      ##......     26%         3    ###....


Dungeon Overview and Level Annotations

Branches:
Dungeon (3/15)

Altars:

Annotations:
D:3 Ijyb


Innate Abilities, Weirdness & Mutations

You have a beak for a mouth.
You have claws for feet.


Message History

Casting: Flame Tongue
Confirm with . or Enter, or press ? or * to list all spells.
Aiming: Flame Tongue
Press: ? - help, Shift-Dir - straight line, f/p - goblin
Aim: a goblin, wielding a club You miscast Flame Tongue.
The air around you crackles with energy!
The goblin hits you but does no damage.
You hit the goblin but do no damage. Your peck misses the goblin.
The goblin barely misses you.
You closely miss the goblin.
You kill the goblin!
No target in view!
No target in view!
You see here a club.
Found 15 gold pieces.
Ijyb the Twisted Goblin comes into view.
Ijyb zaps a wand.
You are blasted!
Ouch! That really hurt!
You die...

#.....##.. ...##
###.#...#..♣♣.♣..# .##
#.......#..♣.8...# ..g#
... #...#...8.♣..# .....
#.# #...#..♣.♣♣..#
.....##.# #..)##......##
........###....##....##.
....$...........##''##..
.......@................
....##...###############
. #...# #...# #....
#..... #..... #......


You could see Ijyb.

Vanquished Creatures
  3 adders
  2 goblins
  2 hobgoblins
  3 kobolds
  3 bats
  A frilled lizard (D:3)
14 creatures vanquished.

Notes
Turn   | Place    | Note
-------+----------+-------------------------------------------
     0 | D:1      | letownia2 the Tengu Fire Elementalist began the quest for the Orb.
     0 | D:1      | Reached XP level 1. HP: 10/10 MP: 4/4
    87 | D:1      | Reached XP level 2. HP: 12/15 MP: 1/6
   176 | D:2      | Reached skill level 4 in Fire Magic
   200 | D:3      | Reached XP level 3. HP: 19/19 MP: 0/7
   205 | D:3      | Learned a level 3 spell: Conjure Flame
   382 | D:3      | Noticed Ijyb
   383 | D:3      | Blown up by Ijyb

Skill      XL: |  1  2 |
---------------+-------+-----
Fire Magic     | 4 |  4.2
Dodging        | |  2.4
Stealth        | |  2.2
Spellcasting   | |  2.4
Conjurations   | |  1.3

Action                   || total
-------------------------++-------
Melee: Short sword       ||    16
       Peck              ||     3
       Kick              ||     2
 Cast: Flame Tongue      ||    19
Armor: Robe              ||     3
       Leather armour    ||     1
Dodge: Dodged            ||    21
